 Dungeon Crawl Stone Soup version 0.28-a0-957-g42eb19b844 (webtiles) character file.

Game seed: 3522846592931276718

22362 tvsian the Severer (level 12, 0/153 HPs)
             Began as a Hill Orc Fighter on Nov 30, 2021.
             Was a Priest of Beogh.
             Incinerated by a smoke demon (2 damage)
             ... with a sticky flame
             ... on level 2 of the Abyss.
             The game lasted 00:50:27 (16736 turns).

tvsian the Severer (Hill Orc Fighter)              Turns: 16736, Time: 00:50:28

Health: 0/153      AC: 25    Str: 30    XL:     12   Next: 99%
Magic:  12/12      EV:  5    Int:  8    God:    Beogh [***...]
Gold:   350        SH: 10    Dex: 10    Spells: 11/11 levels left

rFire   + . .      SeeInvis +   b - +9 broad axe (vorpal)
rCold   + . .      Faith    +   J - +0 kite shield
rNeg    . . .      Spirit   .   O - +3 gold dragon scales
rPois   +          Reflect  .   g - +0 helmet
rElec   .          Harm     .   (no cloak)
rCorr   .          Rampage  .   (no gloves)
Will    .....                   G - +0 pair of boots
Stlth   ..........              e - amulet of faith
HPRegen 0.00/turn               E - +6 ring of strength
MPRegen 0.13/turn               w - ring of see invisible

@: mighty, berserking, on fire, sick, glowing, very quick
A: no striking features
a: Renounce Religion, Smiting


You were on level 2 of the Abyss.
You worshipped Beogh.
Beogh was most pleased with you.
You visited 1 branch of the dungeon, and saw 13 of its levels.
You visited the Abyss 1 time.
You also visited: Sewer and Bailey.

You collected 782 gold pieces.
You spent 432 gold pieces at shops.

Inventory:

Hand Weapons
 a - a +0 vorpal war axe
 b - a +9 vorpal broad axe (weapon)
 n - a +2 vorpal executioner's axe
 q - a +2 hand axe of flaming
Missiles
 v - 31 javelins (quivered)
 H - a boomerang of dispersal
 K - 8 boomerangs
 M - 4 throwing nets
Armour
 g - a +0 helmet (worn)
 t - a +1 pair of gloves
 G - a +0 pair of boots (worn)
 J - a +0 kite shield (worn)
 O - +3 gold dragon scales (worn)
Jewellery
 c - a +4 ring of evasion
 e - an amulet of faith (around neck)
 w - a ring of see invisible (right hand)
 E - a +6 ring of strength (left hand)
Wands
 h - a wand of mindburst (9)
 l - a wand of flame (13)
 r - a wand of iceblast (9)
 x - a wand of acid (5)
Scrolls
 i - 2 scrolls of identify
 k - a scroll of enchant weapon
 o - a scroll of silence
 y - a scroll of blinking
 L - 2 scrolls of fear
Potions
 d - 6 potions of might
 f - 6 potions of brilliance
 j - 2 potions of invisibility
 m - a potion of lignification {unknown}
 p - a potion of berserk rage
 z - 2 potions of heal wounds {unknown}
 A - a potion of cancellation {unknown}
 B - 2 potions of magic {unknown}
 C - a potion of haste {unknown}
 D - 2 potions of resistance {unknown}
 F - 11 potions of curing
 I - a potion of degeneration {unknown}


   Skills:
 + Level 8.3 Fighting
 * Level 18.2 Axes
 + Level 0.9 Throwing
 * Level 12.7 Armour
 + Level 1.2 Dodging
 + Level 2.0 Stealth
 * Level 9.8 Shields
 + Level 2.8 Evocations


You had 11 spell levels left.
You didn't know any spells.
Your spell library contained the following spells:

 Spells                   Type           Power      Damage    Failure   Level
 Summon Small Mammal      Summ           0%         N/A       100%        1
 Blink                    Tloc           0%         N/A       100%        2
 Call Canine Familiar     Summ           0%         N/A       100%        3
 Ozocubu's Armour         Ice            0%         N/A       100%        3
 Summon Guardian Golem    Hex/Summ       0%         N/A       100%        3
 Manifold Assault         Tloc           0%         N/A       100%        5
 Ozocubu's Refrigeration  Ice            0%         4d5       100%        7
 Storm Form               Tmut/Air       0%         N/A       100%        7


Dungeon Overview and Level Annotations

Branches:
Dungeon (13/15)            Temple (0/1) D:5             Orc (0/2) D:9
  Sewer (visited)          Bailey (visited)
   Lair: D:8-11      Vaults: D:13-14

Altars:
Cheibriados
Gozag
Kikubaaqudgha
Trog
Uskayaw
Wu Jian

Shops:
D:4 =

Annotations:
D:6 3 runed translucent doors, cheechan's ghost, novice OpWn
D:8 3 runed translucent doors, freelancePsychic's ghost, novice NaBe


Message History

You slice the large abomination!!
You destroy the large abomination!
Beogh accepts your kill.
You start resting.
A shadow comes into view.
Found a hunting sling.
A smoke demon comes into view.
The shadow slips into darkness.
The shadow flickers and vanishes for a moment.
A raiju comes into view.
You barely miss the shadow.
The smoke demon roars!
The raiju barks!
You block the shadow's attack.
You slash the shadow!
The shadow is severely damaged.
The smoke demon gestures at you. Something smites you!
* * * LOW HITPOINT WARNING * * *
You closely miss the shadow.
The shadow is severely damaged.
The shadow barely misses you.
You slice the shadow!!
You destroy the shadow!
Beogh accepts your kill.
A raiju comes into view. x2
You feel very mighty all of a sudden.
The raiju barks! x2; You hear a bark!
The raiju bursts into living lightning!
The living lightning hits you!
* * * LOW HITPOINT WARNING * * *
The raiju blinks!
A raiju comes into view.
The smoke demon gestures at you. The sticky flame hits you. You resist.
You are covered in liquid flames!
* * * LOW HITPOINT WARNING * * *
A red film seems to cover your vision as you go berserk!
You feel yourself moving faster!
You feel mighty!
You are covered in liquid flames!
You die...

... #...###. .###...#
# .. ...#.....#....#
.#............ ....#
.# ..h......... .# ..
#....hh..........#. .
. . ... #.....#......
. # ..###...## .....
. .#.
...#.....#....#.
#...........@..)..#
#. ................#
.
..#..........!...h.##
.#.....#.....#....#
.#########3.#### .#.
.... .#..#


You could see a smoke demon and 4 raiju.

Vanquished Creatures
  Snorg (D:11)
  Harold (D:11)
  2 boulder beetles
  A hydra (D:13)
  Erica (D:11)
  3 two-headed ogres
  A shadow wraith (Abyss:2)
  An ugly thing (D:12)
  2 cyclopes (D:11)
  2 manticores
  Maurice (D:13)
  A gargoyle (D:11)
  A komodo dragon (D:5)
  7 trolls
  An ancient zyme (Abyss:2)
  3 meliai (D:13)
  A polar bear (shapeshifter) (D:13)
  4 flying skulls (Abyss:2)
  A shadow (Abyss:2)
  Sigmund (D:6)
  3 wraiths
  A wyvern (D:7)
  4 yaks (D:9)
  4 large abominations (Abyss:2)
  3 steam dragons (D:7)
  2 vampire mosquitoes (D:6)
  A basilisk (shapeshifter) (D:13)
  A warg (D:9)
  2 acid dragons
  2 water moccasins
  14 orc warriors
  A hornet zombie (D:7)
  3 ice beasts
  A black bear (D:7)
  4 necrophages
  2 ogres
  19 centaurs
  4 phantoms
  2 kobold brigands
  A bullfrog (D:8)
  3 scorpions
  4 killer bees
  8 wights
  3 howler monkeys (D:9)
  4 centaur zombies
  A jelly (D:8)
  2 orc priests (D:9)
  3 hounds
  2 centaur skeletons (D:7)
  A gnoll shaman (D:9)
  A bullfrog skeleton (D:4)
  2 iguanas (D:5)
  8 orc wizards
  A killer bee zombie (D:7)
  3 howler monkey zombies
  19 gnolls
  2 howler monkey skeletons
  8 adders
  5 river rats (Sewer)
  A white imp (D:8)
  An ufetubus (D:7)
  2 worms
  2 dart slugs
  52 orcs
  4 bats
  8 endoplasms
  7 giant cockroaches
  19 goblins
  6 hobgoblins
  6 jackals
  11 quokkas
  9 ball pythons
  3 frilled lizards
  29 kobolds
  28 rats
378 creatures vanquished.

Vanquished Creatures (others)
  An orc priest (D:9)
  2 orcs (D:9)
  A fungus (D:10)
4 creatures vanquished.

Grand Total: 382 creatures vanquished

Notes
Turn   | Place    | Note
-------+----------+-------------------------------------------
     0 | D:1      | tvsian the Hill Orc Fighter began the quest for the Orb.
     0 | D:1      | Reached XP level 1. HP: 19/19 MP: 1/1
   155 | D:1      | Reached skill level 3 in Axes
   155 | D:1      | Reached XP level 2. HP: 23/27 MP: 2/2
   420 | D:1      | Reached XP level 3. HP: 25/33 MP: 3/3
   613 | D:1      | Found a faded altar of an unknown god.
  1386 | D:1      | Reached XP level 4. HP: 28/40 MP: 4/4
  1731 | D:2      | Reached skill level 4 in Axes
  1956 | D:2      | Reached XP level 5. HP: 25/46 MP: 5/5
  3068 | D:3      | Reached skill level 5 in Axes
  3357 | D:3      | You fall into a shaft and drop 2 floors!
  3357 | D:5      | Entered Level 5 of the Dungeon
  3371 | D:5      | Reached skill level 5 in Armour
  3371 | D:5      | Reached XP level 6. HP: 49/52 MP: 6/6
  3511 | D:4      | Reached skill level 6 in Axes
  4085 | D:4      | Reached skill level 1 in Evocations
  4085 | D:4      | Reached XP level 7. HP: 55/59 MP: 7/7
  4222 | D:4      | Reached skill level 7 in Axes
  4431 | D:4      | Identified the +1 robe of the Ward {rN+ Str+4 Stlth+}
  4561 | D:4      | Found a hide-covered altar of Uskayaw.
  4567 | D:4      | Found an ancient bone altar of Kikubaaqudgha.
  4701 | D:4      | Reached skill level 1 in Stealth
  4882 | D:4      | Found Vul Xah's Jewellery Boutique.
  5006 | D:4      | Identified a scroll of acquirement
  5006 | D:4      | Acquired a +5 vorpal broad axe
  5134 | D:5      | Reached skill level 8 in Axes
  5226 | D:5      | Found a staircase to the Ecumenical Temple.
  5378 | D:5      | Reached XP level 8. HP: 37/67 MP: 8/8
  5543 | D:5      | Noticed a komodo dragon
  5551 | D:5      | Killed a komodo dragon
  5552 | D:5      | Reached skill level 9 in Axes
  5773 | D:5      | Reached skill level 5 in Shields
  5964 | D:6      | Reached skill level 10 in Axes
  6004 | D:6      | Found a runed translucent gate.
  6004 | D:6      | Noticed cheechan's ghost (novice OpWn)
  6007 | D:6      | Found a runed translucent gate.
  6008 | D:6      | Found a runed translucent gate.
  6053 | D:6      | Reached XP level 9. HP: 71/73 MP: 9/9
  6093 | D:6      | Found a glowing drain.
  6104 | Sewer    | Entered a sewer
  6742 | D:6      | Noticed Sigmund
  6747 | D:6      | Killed Sigmund
  6748 | D:6      | Reached skill level 5 in Fighting
  6748 | D:6      | Reached skill level 11 in Axes
  6748 | D:6      | Reached skill level 1 in Dodging
  6882 | D:6      | Identified the +8 dagger of the Head {speed, rF+ Str+4}
  7073 | D:6      | Reached skill level 12 in Axes
  7565 | D:7      | Identified the +6 dagger of Lieddulex {flame, Str+4}
  7626 | D:7      | Reached skill level 13 in Axes
  7626 | D:7      | Reached XP level 10. HP: 79/81 MP: 10/10
  7889 | D:7      | Found a snail-covered altar of Cheibriados.
  7890 | D:7      | Found an ornate altar of the Wu Jian Council.
  8223 | D:7      | Found a bloodstained altar of Trog.
  8857 | D:8      | Found a runed translucent gate.
  8858 | D:8      | Found a runed translucent gate.
  8858 | D:8      | Found a runed translucent gate.
  8861 | D:8      | Noticed freelancePsychic's ghost (novice NaBe)
  9264 | D:9      | Noticed a two-headed ogre
  9266 | D:9      | Killed a two-headed ogre
  9267 | D:9      | Reached skill level 14 in Axes
  9631 | D:9      | Became a worshipper of Beogh the Brigand
  9660 | D:9      | Reached * piety under Beogh
 10069 | D:9      | Reached XP level 11. HP: 82/91 MP: 11/11
 10071 | D:9      | Reached skill level 15 in Axes
 10390 | D:9      | Found a staircase to the Orcish Mines.
 10597 | D:10     | Entered Level 10 of the Dungeon
 10788 | D:10     | Found an opulent altar of Gozag.
 11380 | D:4      | Bought a +4 ring of evasion for 432 gold pieces
 11635 | D:11     | Noticed a two-headed ogre
 11641 | D:11     | Reached skill level 10 in Armour
 11645 | D:11     | Killed a two-headed ogre
 11820 | D:11     | Noticed a cyclops
 11821 | D:11     | Noticed a boulder beetle
 11826 | D:11     | Killed a cyclops
 11853 | D:11     | Killed a boulder beetle
 12213 | D:11     | Noticed Harold
 12227 | D:11     | Killed Harold
 12228 | D:11     | Reached skill level 16 in Axes
 12251 | D:11     | Noticed a cyclops
 12260 | D:11     | Killed a cyclops
 12401 | D:11     | Identified the +1 leather armour of the Mind {Dex+3}
 12465 | D:11     | Noticed Erica
 12470 | D:11     | Killed Erica
 12530 | D:11     | Noticed Snorg
 12536 | D:11     | Killed Snorg
 12946 | D:12     | Found a flagged portal.
 12964 | Bailey   | Entered a bailey
 12993 | Bailey   | Reached ** piety under Beogh
 13167 | Bailey   | Reached XP level 12. HP: 90/100 MP: 12/12
 14076 | Bailey   | Reached skill level 17 in Axes
 15117 | D:12     | Found a hide-covered altar of Uskayaw.
 15246 | D:12     | Acquired +2 gold dragon scales
 15604 | D:13     | Noticed a seven-headed hydra
 15618 | D:13     | Killed a 14-headed hydra
 16001 | D:13     | Noticed Maurice
 16023 | D:13     | Killed Maurice
 16081 | D:13     | Noticed a two-headed ogre
 16087 | D:13     | Killed a two-headed ogre
 16379 | D:13     | Noticed a boulder beetle
 16404 | D:13     | Killed a boulder beetle
 16404 | D:13     | Reached *** piety under Beogh
 16582 | D:13     | Noticed an ettin
 16585 | D:13     | Cast into level 2 of the Abyss (a wizard)
 16625 | Abyss:2  | Reached skill level 18 in Axes
 16735 | Abyss:2  | HP: 4/102 [raiju/living lightning (17)]
 16735 | Abyss:2  | HP: 1/102 [smoke demon/sticky flame (3)]
 16736 | Abyss:2  | Incinerated by a smoke demon

Illustrated notes

Levels and vault maps discovered:
D:1:      psy_arrival_terrarium, layout_basic,
          chequers_ecumenical_altar_simple_redux, st_stairs_11
D:2:      layout_loops_cross, hangedman_abyss_or_decor_lesser_grid,
          hangedman_decor_growths
D:3:      layout_basic
D:4:      layout_loops_corners, minitemple, minmay_shop_enchanted_jewellery,
          minmay_fractal_squares_gapless_5
D:5:      layout_loops_cross, minmay_temple_entry_hall
D:6:      layout_basic, gup_sewer_entry_pipe, ebering_ghost_rock_garden,
          uniq_sigmund
D:7:      layout_basic, lemuel_round_altar, gammafunk_temple_overflow_pools
D:8:      layout_basic, gammafunk_ghost_necromancy
D:9:      layout_basic, erik_orc_4, kennysheep_generic_room_11
D:10:     layout_stronghold, lemuel_crystal_altar, due_lair_maze_entry_diamond,
          uniq_nergalle
D:11:     layout_small_grid, uniq_harold, uniq_snorg, uniq_erica
D:12:     layout_irregular_city, enter_bailey_3, nicolae_uskayaw_suspiria
D:13:     layout_cave_pools, david_vaults_4, kennysheep_generic_room_12,
          uniq_maurice
Abyss:2:  base:
D:11

Skill      XL: |  1  2  3  4  5  6  7  8  9 10 11 12 |
---------------+-------------------------------------+-----
Axes           | 3 4 5 6 8 10 13 14 16 18 | 18.2
Armour         | 4 5 6 8 9 11 12 | 12.7
Fighting       | 4 5 6 7 8 |  8.3
Shields        | 4 5 6 7 8 9 |  9.8
Evocations     | 1 2 |  2.8
Stealth        | 1 2 |  2.0
Dodging        | 1 |  1.2
Throwing       | |  0.9

Action                   |  1- 3 |  4- 6 |  7- 9 | 10-12 || total
-------------------------+-------+-------+-------+-------++-------
Melee: War axe           |    71 |   117 |    48 |       ||   236
       Hand axe          |       |    59 |    13 |       ||    72
       Broad axe         |       |       |   177 |   400 ||   577
Throw: Javelin           |       |       |       |    12 ||    12
Invok: Convert to Beogh  |       |       |       |     1 ||     1
Evoke: Wand              |       |     9 |    18 |    45 ||    72
  Use: Scroll            |     1 |     2 |    11 |    10 ||    24
       Potion            |       |       |       |     6 ||     6
Armor: Scale mail        |    34 |    42 |       |       ||    76
       Plate armour      |       |    47 |   164 |   212 ||   423
       Gold dragon scale |       |       |       |    73 ||    73
Dodge: Dodged            |    38 |    59 |    74 |   221 ||   392
Block: Buckler           |    11 |    38 |    54 |    47 ||   150
       Kite shield       |       |       |       |   178 ||   178

Table legend: (Time is in decaauts)
 A = Elapsed time spent in this place.
 B = Non-inter-level travel time spent in this place.
 C = Inter-level travel time spent in this place.
 D = Time resting spent in this place.
 E = Time spent auto-exploring this place.
 F = Levels seen in this place.
 G = Mean time per level.
                   A        B        C        D        E       F      G
               +--------+--------+--------+--------+--------+-----+--------+
         Total |  16864 |  16158 |    706 |   3974 |   9158 |  16 | 1054.0 |
       Dungeon |  14583 |  13877 |    706 |   3367 |   8217 |  13 | 1121.8 |
         Abyss |    142 |    142 |      0 |     35 |     42 |   1 |  142.0 |
         Sewer |    638 |    638 |      0 |      4 |    461 |   1 |  638.0 |
        Bailey |   1499 |   1499 |      0 |    568 |    437 |   1 | 1499.0 |
               +--------+--------+--------+--------+--------+-----+--------+

Top non-repeatable levels by time:
     D:4: 1545 daAuts
  Bailey: 1499 daAuts
     D:9: 1485 daAuts
     D:1: 1482 daAuts
    D:12: 1351 daAuts
    D:11: 1166 daAuts
     D:7: 1108 daAuts
     D:3: 1066 daAuts
    D:13: 1027 daAuts
     D:2: 1010 daAuts
     D:5: 993 daAuts
     D:6: 992 daAuts
     D:8: 734 daAuts
   Sewer: 638 daAuts
    D:10: 618 daAuts
